AoeStats
← Danigunner

Arabia

516149554Analyzed
2v2 RM · 22d ago on Oct 25, 2026· 24m 15s· 4 players
Game mode
Random Map
Map size
Medium (4 player)
Population
200
Speed
Normal
Resources
Standard
Victory
Conquest
Starting age
Dark Age
Ending age
Imperial Age
RankedLock teamsTeams togetherTeam positionsShared explorationLock speedFull tech treeHidden civsTurbo modeCheats
Victory
Defeat
🇨🇱 Franks · Chile
897
+15
🇨🇱 Hindustanis · Chile
897
+15
vs
🇰🇷 Franks · South Korea
951
-17
🇲🇽 Mongols · Mexico
820
-13
DarthCerna
6:30 Loom
11:41 Feudal Age
21:10 Castle Age
Kiroshy0001
0:28 Loom
11:28 Feudal Age
11:36 Man-at-Arms
24:45 Castle Age
24:22 Forging
Danigunner
0:28 Loom
9:56 Feudal Age
16:32 Castle Age
15:32 Gold Mining
15:27 Double-Bit Axe
19:04 Town Watch
20:27 Fletching
21:43 Forging
21:32 Horse Collar
씨이불련들
10:51 Feudal Age
10:37 Loom
11:37 Double-Bit Axe
19:40 Castle Age
19:56 Forging
19:51 Scale Barding Armor
20:24 Husbandry
Connection lost

Rejoining the realm…

Still unreachable

The connection could not be restored.

Session expired

The server has moved on; the page needs a fresh start.